QQQQQ, chaotic female human Rogue s@ # ---.--### # |.....########### |...<| ---|--.- |....| +..>...| |....+ |....(.| ------ -------- QQQQQ the Cutpurse Experience level: 5 Strength: 12 Dexterity: 18 Constitution: 12 Intelligence: 13 Wisdom: 11 Charisma: 10 Health: 0(40) Energy: 29(29) Def: 6 Gold: 1193 Moves: 2467 Dungeon seed: fwitb1hVCL9FuYn6 Game ID: QQQQQ_1497652182 Your Inventory: Coins $ - 1193 gold pieces Weapons b - 7 uncursed +0 daggers (in quiver) h - an uncursed +0 scimitar n - 12 uncursed +0 darts t - 6 uncursed +0 arrows u - an uncursed +0 dagger x - an uncursed +0 short sword (weapon in hand) z - an uncursed +0 orcish dagger C - an uncursed poisoned +0 dart Armor q - an uncursed +0 pair of water walking boots (being worn) r - an uncursed +0 elven mithril-coat (being worn) y - an uncursed +0 dwarvish cloak (being worn) Comestibles F - an uncursed food ration L - an uncursed lizard corpse Scrolls A - a blessed scroll of light M - an uncursed scroll of blank paper Spellbooks o - an uncursed spellbook of protection Potions c - an uncursed potion of sickness K - an uncursed potion of water Rings l - a cursed -1 ring of searching (on left hand) Tools a - an uncursed +0 pick-axe e - an uncursed lock pick f - an uncursed sack g - an uncursed oil lamp (0:1434) Gems N - an uncursed worthless piece of yellowish brown glass Contents of the sack: an uncursed lock pick Spells and supernatural/magical abilities: Name Level Category Fail Memory p - protection 1 clerical 99% 91% W - pray for help -- divine ? -- Your skills at the end: Fighting Skills wands [Basic] Weapon Skills dagger [Basic] short sword [Basic] Spellcasting Skills Final Attributes: You were piously aligned. You were telepathic. You had automatic searching. You were stealthy. You could walk on water. You are dead. Vanquished creatures: a lizard a rock piercer a shrieker a little dog a floating eye a kobold shaman a giant bat 3 orc zombies an iguana a coyote 2 hobbits 2 hobgoblins 5 giant rats 2 cave spiders 3 yellow molds a green mold a red mold 2 gnome zombies 3 geckos 8 jackals a goblin 11 grid bugs 3 bats 3 lichens 3 newts 62 creatures vanquished. Voluntary challenges: You had been an atheist until turn 2464. You used a wielded weapon 34 times, starting on turn 58. You read items or engraved 11 times, starting on turn 184. You never genocided any monsters. You never polymorphed an object. You never changed form. You used no wishes. You never split a pudding. You never wrote Elbereth's name. You never violated your personal moral code. Dungeon overview: The Dungeons of Doom: levels 1 to 10 Level 1 a long staircase Level 2 Level 3 a fountain Level 4 a long staircase Level 5 some fountains Level 6 a general store Level 7 an armor shop, a fountain Level 8 many fountains Level 9 <- You were here stairs to Sokoban Level 10 Sokoban: Level 8 stairs to The Dungeons of Doom History has recorded: On T:1 you entered the Dungeons of Doom to retrieve the Amulet of Yendor! On T:180 you reached level 2 of The Dungeons of Doom. On T:556 you reached level 3 of The Dungeons of Doom. On T:831 you reached level 4 of The Dungeons of Doom. On T:901 you advanced to experience level 2. On T:1088 you reached level 5 of The Dungeons of Doom. On T:1334 you reached level 6 of The Dungeons of Doom. On T:1409 you advanced to experience level 3. On T:1816 you reached level 7 of The Dungeons of Doom. On T:1863 you advanced to experience level 4. On T:2161 you reached level 8 of The Dungeons of Doom. On T:2327 you advanced to experience level 5. On T:2389 you reached level 10 of The Dungeons of Doom. On T:2430 you reached level 9 of The Dungeons of Doom. On T:2454 you reached level 4 of Sokoban. Score breakdown: Gold: 1193 (10466 points) Experience: 5 levels (11141 points) Exploration: 10 levels ( 20.00%) (12857 points) Discoveries: 12 items ( 4.00%) ( 6000 points) Valuables value: (no points given unless you survive) Artifact value: 0 ( 0 points) Variety of kills: 25 monsters ( 6.53%) ( 7664 points) Turncount: 2467 turns ( -310 points) Survival: died (score multiplied by 80%) Total score: 38254 Latest messages: The giant spider bites! You hit the giant spider. The giant spider bites! (2x) You hit the giant spider. The giant spider bites! The dagger hits the giant spider. The giant spider bites! The dagger hits the giant spider. The giant spider bites! You throw 2 daggers. The 1st dagger hits the giant spider. The 2nd dagger hits the giant spider. The giant spider misses. The giant spider bites! You begin praying to Kos. You are surrounded by a shimmering light. The giant spider starts to attack you, but pulls back. (3x) You feel that Kos is well-pleased. The dagger hits the giant spider. The giant spider bites! (2x) You die... Final status: Goodbye QQQQQ the Rogue, killed by a giant spider... You died in The Dungeons of Doom on dungeon level 9 with 38254 points, and 1193 pieces of gold, after 2467 moves. You were level 5 with a maximum of 40 hit points when you died.